 Dungeon Crawl Stone Soup version 0.21.0 (webtiles) character file.

137337 Timinator the Black Belt (level 16, -6/134 HPs)
             Began as a Vampire Transmuter on Jan 17, 2018.
             Was the Champion of Kikubaaqudgha.
             Mangled by a nagaraja
             ... wielding a +0 spear
              (28 damage)
             ... on level 3 of the Snake Pit on Jan 18, 2018.
             The game lasted 05:55:45 (31624 turns).

Timinator the Black Belt (Vampire Transmuter)      Turns: 31624, Time: 05:55:45

Health: -6/134     AC: 22    Str: 14    XL:     16   Next: 68%
Magic:  25/30      EV: 33    Int: 18    God:    Kikubaaqudgha [******]
Gold:   1527       SH:  6    Dex: 31    Spells: 6/35 levels left

rFire    + + .     SeeInvis +     - Unarmed
rCold    + . .     Gourm    .   (no shield)
rNeg     + . .     Faith    .   O - +2 robe {rF+}
rPois    +         Spirit   .   I - +2 helmet
rElec    .         Reflect  +   t - scarf {rC+ rF+}
rCorr    .         Harm     .   L - +2 pair of gloves
MR       .....                  u - +2 pair of boots
Stlth    +++.......             y - +6 amulet of reflection
HPRegen  0.52/turn              b - ring "Voumud" {rPois AC+3}
MPRegen  0.22/turn              B - ring "Gaprav" {rN+ MR- AC+3 Int+2 Dex+5}

@: mighty, agile, very slightly contaminated, regenerating quickly, slowed,
constricted, very slow
A: fangs 3, rugged brown scales 1, thin metallic scales 1, see invisible,
unbreathing, MP-powered wands
a: Receive Corpses, Torment, Renounce Religion


You were on level 3 of the Snake Pit.
You worshipped Kikubaaqudgha.
Kikubaaqudgha was exalted by your worship.
You were very full.

You visited 5 branches of the dungeon, and saw 27 of its levels.
You visited 1 bazaar.
You also visited: Sewer and Bailey.

You collected 3304 gold pieces.
You spent 1777 gold pieces at shops.

Inventory:

Missiles
 h - 169 arrows
Armour
 l - a +2 robe of magic resistance
 t - a scarf of resistance (worn)
 u - a +2 pair of boots (worn)
 I - a +2 helmet (worn)
 L - a +2 pair of gloves (worn)
 O - a +2 robe of fire resistance (worn)
 V - a scarf of repulsion
Jewellery
 b - the ring "Voumud" (left hand) {rPois AC+3}
   (You acquired it on level 2 of the Snake Pit)

   [ring of protection]

   It affects your AC (+3).
   It protects you from poison.
 g - an uncursed ring of protection from magic
 v - the ring "Puiclat" {rPois rF- rC+ MR++ Dex+2}
   (You bought it in a shop in a bazaar)

   [ring of protection from cold]

   It affects your dexterity (+2).
   It makes you vulnerable to fire.
   It protects you from cold.
   It protects you from poison.
   It affects your resistance to hostile enchantments.
 y - a +6 amulet of reflection (around neck)
 B - the ring "Gaprav" (right hand) {rN+ MR- AC+3 Int+2 Dex+5}
   (You acquired it in a bailey)

   [ring of protection]

   It affects your AC (+3).
   It affects your intelligence (+2).
   It affects your dexterity (+5).
   It protects you from negative energy.
   It affects your resistance to hostile enchantments.
 Z - an uncursed ring of resist corrosion
Wands
 k - a wand of iceblast (25)
 r - a wand of digging (18)
 F - a wand of random effects (69)
 G - a wand of paralysis (11)
 P - a wand of acid (1)
 S - a wand of flame (87)
Scrolls
 a - a scroll of torment {unknown}
 e - 8 scrolls of fog
 f - 3 scrolls of enchant weapon
 n - a scroll of holy word {unknown}
 o - a scroll of fear
 z - 12 scrolls of remove curse
 A - 2 scrolls of enchant armour
 C - 4 scrolls of blinking
 D - 8 scrolls of teleportation
 J - 2 scrolls of magic mapping
 R - a scroll of silence {unknown}
 Y - 2 scrolls of amnesia
Potions
 d - 32 potions of blood
 i - 3 potions of agility
 p - 4 potions of magic
 x - 2 potions of lignification
 E - 2 potions of mutation
 K - 3 potions of cancellation
 M - 5 potions of curing
 T - a potion of resistance
 U - 3 potions of ambrosia
Books
 c - a book of Changes

   Spells                             Type                      Level
   a - Beastly Appendage              Transmutation                1
   b - Sticks to Snakes               Transmutation                2
   c - Spider Form                    Transmutation/Poison         3
   d - Ice Form                       Ice/Transmutation            4
   e - Blade Hands                    Transmutation                5
 j - Kikubaaqudgha's Incunabulum of Dark Arts
   (Kikubaaqudgha gifted it to you on level 1 of the Orcish Mines)

   Spells                             Type                      Level
   a - Animate Dead                   Necromancy                   4
   b - Excruciating Wounds            Charms/Necromancy            5
   c - Bolt of Draining               Conjuration/Necromancy       5
   d - Agony                          Necromancy                   5
   e - Dispel Undead                  Necromancy                   5
 H - a Necronomicon

   Spells                             Type                      Level
   a - Haunt                          Necromancy/Summoning         7
   b - Borgnjor's Revivification      Necromancy                   8
   c - Death's Door                   Charms/Necromancy            8
   d - Infestation                    Necromancy                   8
   e - Necromutation                  Transmutation/Necromancy     8
 N - Kikubaaqudgha's Guide on Darkness
   (Kikubaaqudgha gifted it to you on level 10 of the Dungeon)

   Spells                             Type                      Level
   a - Animate Skeleton               Necromancy                   1
   b - Pain                           Necromancy                   1
   c - Sublimation of Blood           Necromancy                   2
   d - Regeneration                   Charms/Necromancy            3
Miscellaneous
 W - a box of beasts


   Skills:
 * Level 13.5 Fighting
 * Level 15.6 Dodging
 * Level 15.8 Unarmed Combat
 + Level 10.1 Spellcasting
 + Level 10.6 Necromancy
 - Level 10.7 Transmutations


You had 6 spell levels left.
You knew the following spells:

 Your Spells              Type           Power        Failure   Level  Hunger
a - Beastly Appendage     Tmut           #####.       1%          1    None
b - Blade Hands           Tmut           #####.....   2%          5    #####..
c - Ice Form              Ice/Tmut       ####....     9%          4    ###....
d - Blink                 Tloc           N/A          12%         2    None
e - Regeneration          Chrm/Necr      ####......   2%          3    None
f - Agony                 Necr           #####...     2%          5    #####..
g - Animate Dead          Necr           N/A          1%          4    ###....
h - Dispel Undead         Necr           #####...     2%          5    #####..


Dungeon Overview and Level Annotations

Branches:
Dungeon (15/15)            Temple (1/1) D:7            Lair (6/6) D:9
 Shoals (0/4) Lair:2        Snake (3/4) Lair:4        Slime (0/5) Lair:6
    Orc (2/2) D:10            Elf (0/3) Orc:2        Vaults (0/5) D:13
 Depths (0/5) D:15

Altars:
Ashenzari
Cheibriados
Dithmenos
Elyvilon
Fedhas
Gozag
Hepliaklqana
Kikubaaqudgha
Makhleb
Nemelex Xobeh
Okawaru
Qazlal
Ru
Sif Muna
Trog
Uskayaw
Vehumet
Wu Jian
Xom
Yredelemnul
Zin
The Shining One
Beogh
Jiyva

Shops:
D:6 ?   D:13 (%   Orc:2 ([(:   Snake:2 [?(=[

Annotations:
D:11 exclusions: oklob plant and oklob sapling
Snake:3 Aizul


Innate Abilities, Weirdness & Mutations

Your natural rate of healing is unusually fast.
You have razor-sharp teeth.
You have supernaturally acute eyesight. (SInv)
You can survive without breathing.
You are partially covered in rugged brown scales. (AC +1, +3% HP)
You are partially covered in thin metallic scales. (AC +2)
You expend magic power (3 MP) to strengthen your wands.


Message History

The nagaraja constricts you. The nagaraja spits poison at you.
The splash of poison misses you.
The splash of poison misses the guardian serpent.
Aizul completely misses you.
The guardian serpent coils itself and waves its upper body at you.
You resist with significant effort. The nagaraja spits poison at you.
The splash of poison misses you. The nagaraja constricts you.
The nagaraja completely misses you.
Casting: Blink
Confirm with . or Enter, or press ? or * to list all spells.
You miscast Blink.
You are very lightly contaminated with residual magic.
You feel a wrenching sensation.
Aizul coils herself and waves her upper body at you.
The bolt of poison misses you. The guardian serpent misses you.
The nagaraja hits you with a spear!!
You die...
Kikubaaqudgha rasps: "You have failed me!
Welcome... oblivion!"

. #.......#
..#####......<...
#...........#####
#.............##
##..............#
#...............#
#............#..
#.......N....#
.####.N@.....##
#.S.SS....##
#.......#..# N...
#.......#..## ...
#......[#S..# #N.
#..........##
..###
.........#..#
#..#.
.........##..##
....
.####....###..#
##..#


You could see Aizul, 2 nagarajas and 2 guardian serpents.

Vanquished Creatures
  Frances (D:13)
  3 nagarajas
  2 orc warlords (D:10)
  The ghost of YTcomUltraviolent4 the Peltast, a journeyman DDFi of Makhleb (Snake:2)
  Azrael (Orc:2)
  A fire dragon (D:14)
  2 ice dragons (D:15)
  Harold (D:10)
  5 anacondas
  2 naga warriors (Snake:3)
  3 hydras
  2 catoblepae
  A death knight (D:15)
  7 two-headed ogres
  A deep troll shaman (Lair:6)
  3 naga sharpshooters
  3 death yaks (Lair:6)
  3 orc high priests
  A skeletal warrior (D:14)
  A salamander mystic (Snake:2)
  6 sea snakes
  A deep troll (D:13)
  3 unseen horrors (D:15)
  A phantasmal warrior (D:15)
  8 orc knights
  3 naga ritualists
  2 swamp dragons (Lair:1)
  A wolf spider zombie (D:15)
  A lindwurm (D:13)
  2 deep elf magi
  3 harpies (D:14)
  10 mana vipers
  8 ugly things
  6 orc sorcerers
  A salamander (shapeshifter) (D:15)
  21 elephants
  2 manticores
  13 salamanders
  A merfolk siren (Lair:2)
  3 guardian serpents
  9 naga magi
  22 black mambas
  Psyche (D:10)
  Joseph (D:6)
  13 spiny frogs
  A freezing wraith (D:15)
  2 kobold demonologists (D:11)
  3 efreet
  2 rime drakes
  9 komodo dragons
  3 merfolk (Lair:2)
  4 polar bears
  A queen bee (Lair:4)
  4 trolls
  Prince Ribbit (D:9)
  3 meliai
  2 hornets (D:11)
  25 blink frogs
  11 slime creatures
  8 hippogriffs
  57 yaks
  A shadow (D:13)
  A spriggan (D:7)
  A wraith (D:15)
  6 basilisks
  A fire elemental (Orc:2)
  7 wyverns
  A hungry ghost (D:11)
  Grum (D:8)
  5 vampire mosquitoes
  2 wargs
  31 nagas
  2 soldier ants
  An acid dragon (D:14)
  5 hell hounds (Orc:2)
  11 porcupines
  29 water moccasins
  45 orc warriors
  4 phantoms
  4 sky beasts
  2 black bears
  An ice beast (D:5)
  An eye of draining (D:15)
  10 ogres
  The ghost of Ahrinia the Shooter, an amateur DsHu (D:3)
  9 wolves
  14 centaurs
  10 crocodiles
  2 big kobolds
  20 bullfrogs
  3 scorpions
  A hornet simulacrum (D:15)
  32 killer bees
  8 wights (D:11)
  3 howler monkeys
  3 electric eels (D:10)
  6 crimson imps
  A bullfrog zombie (D:13)
  3 jellies
  5 hounds
  3 bullfrog skeletons
  26 orc priests
  A centaur skeleton (D:9)
  5 iguanas
  31 orc wizards
  8 worker ants
  A killer bee zombie (D:6)
  A worker ant zombie (D:11)
  14 gnolls
  18 adders
  10 river rats
  2 shadow imps
  3 oozes
  2 adder skeletons
  An adder zombie (D:5)
  4 worms
  4 dart slugs
  6 leopard geckos
  119 orcs
  10 bats
  4 giant cockroaches
  19 goblins
  7 hobgoblins
  24 jackals
  21 kobolds
  5 quokkas
  11 ball pythons
  3 frilled lizards
  A leopard gecko skeleton (D:5)
  A quokka skeleton (D:4)
  21 rats
  A spectral orc (D:3)
  A fungus (Lair:3)
  2 plants (D:11)
  A withered plant (D:14)
1006 creatures vanquished.

Vanquished Creatures (collateral kills)
  An orc warrior (Bailey)
  2 electric eels (Snake:1)
3 creatures vanquished.

Vanquished Creatures (others)
  2 centaurs
  2 orcs
  A bush (D:11)
  13 fungi
  34 plants
52 creatures vanquished.

Grand Total: 1061 creatures vanquished

Notes
Turn   | Place    | Note
-------+----------+-------------------------------------------
     0 | D:1      | Timinator the Vampire Transmuter began the quest for the Orb.
     0 | D:1      | Reached XP level 1. HP: 14/14 MP: 3/3
    56 | D:1      | Reached skill level 1 in Fighting
   420 | D:1      | Reached XP level 2. HP: 18/22 MP: 5/5
   774 | D:2      | Reached XP level 3. HP: 22/28 MP: 6/6
  1473 | D:3      | Reached XP level 4. HP: 12/35 MP: 7/7
  1885 | D:3      | Reached XP level 5. HP: 41/41 MP: 8/8
  1945 | D:3      | Noticed Ahrinia's ghost (amateur DsHu)
  1960 | D:3      | Killed Ahrinia's ghost
  2231 | D:3      | Reached XP level 6. HP: 36/47 MP: 10/10
  2478 | D:3      | Found a basalt altar of Yredelemnul.
  2935 | D:4      | Found a glowing drain.
  2951 | Sewer    | Entered a sewer
  3083 | Sewer    | Learned a level 5 spell: Blade Hands
  3088 | Sewer    | Learned a level 4 spell: Ice Form
  3128 | Sewer    | Reached XP level 7. HP: 49/53 MP: 11/11
  3168 | Sewer    | Found a white marble altar of Elyvilon.
  3528 | D:4      | Reached skill level 5 in Unarmed Combat
  4339 | D:5      | Entered Level 5 of the Dungeon
  4915 | D:5      | Reached XP level 8. HP: 31/61 MP: 13/13
  5031 | D:5      | Got a slimy robe
  5032 | D:5      | Identified the +0 robe "Arhup" {rN+ Int+5} (You found it on level 5 of the Dungeon)
  5266 | D:6      | Reached skill level 5 in Dodging
  5390 | D:6      | Reached skill level 5 in Transmutations
  5472 | D:6      | Reached skill level 5 in Fighting
  5561 | D:6      | Found a radiant altar of Vehumet.
  5766 | D:6      | Found Sarch's Magic Scroll Shop.
  5770 | D:6      | Bought a scroll of remove curse for 42 gold pieces
  5770 | D:6      | Bought a scroll of identify for 28 gold pieces
  5770 | D:6      | Bought a scroll of remove curse for 42 gold pieces
  5770 | D:6      | Bought a scroll of remove curse for 42 gold pieces
  5770 | D:6      | Bought a scroll of identify for 28 gold pieces
  5770 | D:6      | Bought 2 scrolls of identify for 56 gold pieces
  6390 | D:7      | Found a staircase to the Ecumenical Temple.
  6417 | D:6      | Reached XP level 9. HP: 41/68 MP: 10/15
  6486 | D:7      | Noticed Joseph
  6570 | D:6      | Killed Joseph
  6999 | Temple   | Entered the Ecumenical Temple
  8282 | D:8      | Found a shadowy altar of Dithmenos.
  8291 | D:8      | Found a hide-covered altar of Uskayaw.
  8294 | D:8      | Found a stormy altar of Qazlal.
  8310 | D:8      | Found a sparkling altar of Nemelex Xobeh.
  8362 | D:8      | Noticed Grum
  8377 | D:8      | Killed Grum
  8377 | D:8      | Reached skill level 5 in Spellcasting
  8377 | D:8      | Reached XP level 10. HP: 62/77 MP: 11/17
  8399 | D:8      | Learned a level 2 spell: Blink
  8408 | D:8      | Noticed a two-headed ogre
  8582 | D:8      | Killed a two-headed ogre
  8855 | D:8      | Found a radiant altar of Vehumet.
  8855 | D:8      | Found an ancient bone altar of Kikubaaqudgha.
  8871 | D:8      | Became a worshipper of Kikubaaqudgha
  8917 | D:8      | Noticed a two-headed ogre
  9041 | D:8      | Killed a two-headed ogre
  9440 | D:9      | Noticed Prince Ribbit
  9444 | D:9      | Killed Prince Ribbit
  9591 | D:9      | Found a shimmering altar of Xom.
  9750 | D:9      | Found a staircase to the Lair.
 10187 | D:10     | Entered Level 10 of the Dungeon
 10265 | D:10     | Reached * piety under Kikubaaqudgha
 10265 | D:10     | Identified Kikubaaqudgha's Guide on Darkness (Kikubaaqudgha gifted it to you on level 10 of the Dungeon)
 10265 | D:10     | Received a gift from Kikubaaqudgha
 10287 | D:10     | Noticed an orc knight
 10334 | D:10     | Killed an orc knight
 10414 | D:10     | Reached XP level 11. HP: 85/85 MP: 17/19
 10520 | D:10     | Noticed Psyche
 10537 | D:10     | Killed Psyche
 10712 | D:10     | Found a staircase to the Orcish Mines.
 10727 | D:10     | Reached ** piety under Kikubaaqudgha
 10744 | D:10     | Learned a level 3 spell: Regeneration
 10747 | Orc:1    | Entered Level 1 of the Orcish Mines
 10757 | Orc:1    | Noticed an orc sorcerer
 10795 | D:10     | Killed an orc sorcerer
 11183 | D:10     | Noticed a two-headed ogre
 11191 | D:10     | Killed a two-headed ogre
 11298 | Orc:1    | Reached skill level 10 in Unarmed Combat
 11312 | Orc:1    | Noticed an orc knight
 11318 | Orc:1    | Noticed an orc sorcerer
 11343 | D:10     | Killed an orc knight
 11437 | D:10     | Killed an orc sorcerer
 11662 | Orc:1    | Noticed an orc warlord
 11760 | D:10     | Killed an orc warlord
 11812 | Orc:1    | Noticed an orc knight
 11838 | D:10     | Killed an orc knight
 11838 | D:10     | Reached skill level 10 in Dodging
 11930 | Orc:1    | Noticed Harold
 11954 | Orc:1    | Reached *** piety under Kikubaaqudgha
 11954 | Orc:1    | Identified Kikubaaqudgha's Incunabulum of Dark Arts (Kikubaaqudgha gifted it to you on level 1 of the Orcish Mines)
 11954 | Orc:1    | Received a gift from Kikubaaqudgha
 11978 | D:10     | Killed Harold
 11978 | D:10     | Reached skill level 10 in Transmutations
 12014 | Orc:1    | Noticed an orc high priest
 12019 | Orc:1    | Noticed a sixfirhy
 12219 | D:10     | Killed an orc high priest
 12327 | Orc:1    | Noticed an orc sorcerer
 12348 | Orc:1    | Noticed a sixfirhy
 12436 | Orc:1    | Noticed a soul eater
 12442 | D:10     | Paralysed by an orc sorcerer for 6 turns
 12450 | D:10     | Killed an orc sorcerer
 12450 | D:10     | Reached XP level 12. HP: 83/94 MP: 18/21
 12542 | Orc:1    | Noticed a two-headed ogre
 12557 | Orc:1    | Killed a two-headed ogre
 12690 | Orc:1    | Noticed a two-headed ogre
 12707 | Orc:1    | Killed a two-headed ogre
 12790 | Orc:2    | Entered Level 2 of the Orcish Mines
 12790 | Orc:2    | Found a staircase to the Elven Halls.
 12853 | Orc:2    | Found a roughly hewn altar of Beogh.
 13150 | Orc:2    | Noticed Azrael
 13205 | Orc:2    | Killed Azrael
 13317 | Orc:2    | Reached **** piety under Kikubaaqudgha
 13324 | Orc:2    | Found a roughly hewn altar of Beogh.
 13373 | Orc:2    | Found Ucwanna's Book Shop.
 13428 | Orc:2    | Found a roughly hewn altar of Beogh.
 13577 | Orc:2    | Found a roughly hewn altar of Beogh.
 13660 | Orc:2    | Found March's Weapon Shop.
 13895 | Orc:2    | Reached skill level 1 in Necromancy
 13932 | Orc:2    | Noticed an orc high priest
 13935 | Orc:2    | Killed an orc high priest
 13980 | Orc:2    | Paralysed by an orc sorcerer for 5 turns
 14022 | Orc:2    | Noticed an orc warlord
 14072 | Orc:2    | HP: 3/97 [orc warlord/bolt (29)]
 14309 | Orc:1    | Learned a level 5 spell: Agony
 14314 | Orc:1    | Learned a level 4 spell: Animate Dead
 14521 | D:10     | Learned a level 1 spell: Pain
 14660 | D:10     | Killed an orc warlord
 14801 | Orc:2    | Noticed an orc high priest
 14836 | Orc:2    | Killed an orc high priest
 14838 | Orc:2    | Found Fynli's Antique Armour Shoppe.
 14839 | Orc:2    | Found a roughly hewn altar of Beogh.
 14847 | Orc:2    | Found Ikuemapp's Antique Weapon Emporium.
 15499 | D:11     | Reached skill level 10 in Fighting
 15499 | D:11     | Reached XP level 13. HP: 103/103 MP: 18/24
 15577 | D:11     | Reached ***** piety under Kikubaaqudgha
 16740 | D:12     | Found a flickering gateway to a bazaar.
 16746 | Bazaar   | Entered a bazaar
 16760 | Bazaar   | Found Guaceq's Jewellery Emporium.
 16792 | Bazaar   | Found Gaes's Gadget Boutique.
 16836 | Bazaar   | Found Qigeg's Jewellery Emporium.
 16890 | Bazaar   | Found Caocytog's Gadget Emporium.
 16929 | Bazaar   | Bought the ring "Puiclat" {rPois rF- rC+ MR++ Dex+2} for 418 gold pieces
 17733 | D:13     | Found a flagged portal.
 17738 | Bailey   | Entered a bailey
 17811 | Bailey   | Found an iron altar of Okawaru.
 18188 | Bailey   | Got a slimy scale mail
 18191 | Bailey   | Identified the +0 scale mail of Ivoiboll {rPois rF+ rC+} (You found it in a bailey)
 18340 | Bailey   | Got a smoking granite ring
 18342 | Bailey   | Identified the ring "Gaprav" {rN+ MR- AC+3 Int+2 Dex+5} (You acquired it in a bailey)
 18432 | D:13     | Reached skill level 5 in Necromancy
 18540 | D:13     | Found a gate to the Vaults.
 18583 | D:13     | Found Xeiso's Weapon Shoppe.
 18730 | D:13     | Noticed Frances
 18810 | D:13     | Killed Frances
 18810 | D:13     | Reached ****** piety under Kikubaaqudgha
 18822 | D:13     | Found Zeokhl Rasu's Food Shoppe.
 19443 | D:14     | Noticed a fire dragon
 19462 | D:14     | Killed a fire dragon
 19815 | D:14     | Reached XP level 14. HP: 98/113 MP: 24/26
 20369 | D:15     | Entered Level 15 of the Dungeon
 21529 | D:15     | Found a staircase to the Depths.
 21685 | Lair:1   | Entered Level 1 of the Lair of Beasts
 22146 | Lair:1   | Found a transporter.
 22186 | Lair:1   | Found a transporter.
 22363 | Lair:1   | Learned a level 5 spell: Dispel Undead
 22980 | Lair:2   | Found a glowing silver altar of Zin.
 23188 | Lair:2   | Gained mutation: Your muscles are strong. (Str +2) [potion of mutation]
 23188 | Lair:2   | Gained mutation: You are resistant to hostile enchantments. (MR+) [potion of mutation]
 23188 | Lair:2   | Gained mutation: You are occasionally teleported next to monsters. [potion of mutation]
 23188 | Lair:2   | Gained mutation: You are partially covered in rugged brown scales. (AC +1, +3% HP) [potion of mutation]
 23189 | Lair:2   | Lost mutation: Your muscles are strong. (Str +2) [potion of mutation]
 23189 | Lair:2   | Lost mutation: You are resistant to hostile enchantments. (MR+) [potion of mutation]
 23189 | Lair:2   | Lost mutation: You are occasionally teleported next to monsters. [potion of mutation]
 23189 | Lair:2   | Gained mutation: You expend magic power (3 MP) to strengthen your wands. [potion of mutation]
 23189 | Lair:2   | Gained mutation: You are partially covered in thin metallic scales. (AC +2) [potion of mutation]
 23192 | Lair:2   | Found a staircase to the Shoals.
 24347 | Lair:3   | Reached XP level 15. HP: 123/123 MP: 22/27
 24538 | Lair:3   | Received a gift from Kikubaaqudgha
 25518 | Lair:4   | Got a faintly humming leather armour
 25519 | Lair:4   | Identified the cursed +0 leather armour "Tutapaex" {rElec Dex+5} (You found it on level 4 of the Lair of Beasts)
 25637 | Lair:4   | Found a staircase to the Snake Pit.
 26033 | Lair:5   | Found a deep blue altar of Sif Muna.
 27134 | Lair:6   | Entered Level 6 of the Lair of Beasts
 27832 | Lair:6   | Found a staircase to the Slime Pits.
 27833 | Lair:6   | Found a viscous altar of Jiyva.
 27845 | Lair:6   | Got a heavily runed scale mail
 27856 | Lair:6   | Identified the +7 scale mail of the Orcish Mines {+Blink Regen+ rCorr Str-4} (You found it on level 6 of the Lair of Beasts)
 28527 | Snake:1  | Entered Level 1 of the Snake Pit
 28656 | Snake:1  | Noticed a nagaraja
 28672 | Snake:1  | Killed a nagaraja
 28837 | Snake:1  | Reached skill level 15 in Unarmed Combat
 28986 | Snake:1  | Reached skill level 10 in Necromancy
 29027 | Snake:1  | Reached XP level 16. HP: 132/132 MP: 24/29
 29513 | Snake:2  | Noticed YTcomUltraviolent4's ghost (journeyman DDFi)
 29521 | Snake:2  | Killed YTcomUltraviolent4's ghost
 29697 | Snake:1  | Reached skill level 15 in Dodging
 30311 | Snake:2  | Found a runed gate.
 30311 | Snake:2  | Found a runed gate.
 30311 | Snake:2  | Found a runed gate.
 30489 | Snake:2  | Found Xoerch's Jewellery Shop.
 30511 | Snake:2  | Found Ucsauzyn's Antique Weapon Boutique.
 30581 | Snake:2  | Reached skill level 10 in Spellcasting
 30751 | Snake:2  | Bought an uncursed ring of resist corrosion for 320 gold pieces
 30791 | Snake:2  | Found Pesa's Magic Scroll Emporium.
 30847 | Snake:2  | Bought a scroll of acquirement for 676 gold pieces
 30849 | Snake:2  | Got a smoking brass ring
 30850 | Snake:2  | Identified the ring "Voumud" {rPois AC+3} (You acquired it on level 2 of the Snake Pit)
 30863 | Snake:2  | Found Noopleri's Armour Shoppe.
 31053 | Snake:2  | Found Syvvayra's Antique Armour Shoppe.
 31061 | Snake:2  | Bought a runed robe for 125 gold pieces
 31603 | Snake:3  | Noticed Aizul
 31624 | Snake:3  | Mangled by a nagaraja

Skill      XL: |  1  2  3  4  5  6  7  8  9 10 11 12 13 14 15 16 |
---------------+-------------------------------------------------+-----
Fighting       | 2 3 4 5 6 7 8 10 11 12 13 | 13.5
Unarmed Combat | 4 5 6 8 9 10 11 12 13 15 | 15.8
Dodging        | 3 4 6 7 8 10 11 12 13 14 15 | 15.6
Spellcasting   | 3 4 5 6 7 8 9 10 | 10.1
Transmutations | 3 4 6 7 8 10 | 10.7
Necromancy     | 3 6 8 10 | 10.6

Action                   |  1- 3 |  4- 6 |  7- 9 | 10-12 | 13-15 | 16-18 || total
-------------------------+-------+-------+-------+-------+-------+-------++-------
Melee: Unarmed           |   173 |   179 |   523 |   705 |  1465 |   321 ||  3366
       Bite              |    13 |    17 |    53 |    62 |   164 |    45 ||   354
       Headbutt          |     8 |    25 |    61 |    17 |    19 |       ||   130
       Punch             |     3 |     2 |    13 |    36 |    97 |    24 ||   175
       Kick              |     2 |     3 |       |       |       |       ||     5
 Cast: Beastly Appendage |     7 |    21 |    42 |    21 |     8 |       ||    99
       Ice Form          |       |       |     4 |    12 |    13 |     2 ||    31
       Blade Hands       |       |       |    13 |    58 |   125 |    26 ||   222
       Blink             |       |       |       |     5 |     1 |     2 ||     8
       Pain              |       |       |       |    15 |       |       ||    15
       Regeneration      |       |       |       |     1 |    18 |    16 ||    35
       Animate Dead      |       |       |       |     1 |     3 |       ||     4
       Agony             |       |       |       |       |    14 |       ||    14
Invok: Receive Corpses   |       |       |       |     2 |       |       ||     2
       Torment           |       |       |       |       |     1 |       ||     1
       Receive Necronomi |       |       |       |       |     1 |       ||     1
 Abil: End Transformatio |       |       |     1 |     5 |     8 |     3 ||    17
       Bat Form          |       |       |     1 |       |       |       ||     1
Evoke: Wand              |       |       |       |    35 |       |       ||    35
  Use: Potion            |     2 |     5 |    20 |    30 |    66 |    16 ||   139
       Scroll            |       |     9 |     3 |     8 |    19 |     5 ||    44
 Stab: Sleeping          |     2 |       |     1 |       |     5 |       ||     8
       Invisible         |       |       |       |     1 |       |       ||     1
       Distracted        |       |       |       |       |     1 |       ||     1
       Fleeing           |       |       |       |       |     1 |       ||     1
       Petrified         |       |       |       |       |     3 |       ||     3
  Eat: Corpse            |     6 |     8 |    21 |    31 |    42 |     7 ||   115
Armor: Robe              |    38 |    29 |    77 |    43 |   131 |    45 ||   363
       Skin              |       |       |     3 |     8 |    17 |     6 ||    34
Dodge: Dodged            |   108 |   121 |   342 |   396 |  1226 |   350 ||  2543
Block: Other             |       |       |    50 |   176 |   308 |    83 ||   617
       Reflection        |       |       |     8 |    13 |     7 |     9 ||    37
